 Dungeon Crawl Stone Soup version 0.29.0-13-gc9e81de378 (webtiles) character file.

Game seed: 3263945633832252322

1 SnakkuSnakku7 the Grasshopper (level 1, 0/17 HPs)
             Began as a Barachi Warper on Sept 9, 2022.
             Frozen to death by an endoplasm (4 damage)
             ... on level 1 of the Dungeon.
             The game lasted 00:00:25 (109 turns).

SnakkuSnakku7 the Grasshopper (Barachi Warper)       Turns: 109, Time: 00:00:25

Health: 0/17       AC:  3    Str: 12    XL:     1   Next: 20%
Magic:  3/3        EV: 11    Int: 13    God:
Gold:   27         SH:  0    Dex: 11    Spells: 4/4 levels left

rFire   . . .      SeeInvis .   a - +0 hand axe
rCold   . . .      Faith    .   (no shield)
rNeg    . . .      Spirit   .   b - +0 leather armour
rPois   .          Reflect  .   (no helmet)
rElec   .          Harm     .   (no cloak)
rCorr   .          Rampage  .   (no gloves)
Will    .....                   (no boots)
Stlth   +.........              (no amulet)
HPRegen 0.05/turn               (no ring)
MPRegen 0.08/turn               (no ring)

@: slow
A: amphibious, slowness 1, strong legs 1, +LOS
a: Hop


You were on level 1 of the Dungeon.
You visited 1 branch of the dungeon, and saw 1 of its levels.

You collected 27 gold pieces.

Inventory:

Hand Weapons
 a - a +0 hand axe (weapon)
Missiles
 d - 2 boomerangs of dispersal (quivered)
Armour
 b - a +0 leather armour (worn)
Scrolls
 c - a scroll of blinking


   Skills:
 + Level 2.5 Fighting
 + Level 2.2 Axes
 - Level 1.0 Throwing
 - Level 1.2 Armour
 - Level 2.1 Dodging
 - Level 2.1 Spellcasting
 - Level 3.2 Translocations


You had 4 spell levels left.
You didn't know any spells.
Your spell library contained the following spells:

 Spells                   Type           Power      Damage    Failure   Level
 Blink                    Tloc           18%        N/A       12%         2
 Gell's Gravitas          Tloc           9%         N/A       24%         3
 Lesser Beckoning         Tloc           9%         N/A       24%         3
 Teleport Other           Tloc           9%         N/A       24%         3
 Manifold Assault         Tloc           9%         N/A       92%         5


Dungeon Overview and Level Annotations

Branches:
Dungeon (1/15)

Altars:


Innate Abilities, Weirdness & Mutations

You are amphibious.
You cover ground slowly.
You can hop short distances.
You have an extended range of vision and can be seen from far away.


Message History

You are ready to hop once more.
Throw: 5 boomerangs (disperse)
Press: ? - help, Q - select action, (/) - cycle Shift-Dir - straight line, f - you
Okay, then.
You start resting.
An endoplasm is nearby!
Throw: 5 boomerangs (disperse)
Press: ? - help, Q - select action, (/) - cycle Shift-Dir - straight line, f/p - endoplasm
Aim: an endoplasm (lightly wounded, 85% to hit)
You throw a boomerang of dispersal.
The boomerang of dispersal hits the endoplasm.
The endoplasm blinks!
Throw: 4 boomerangs (disperse)
Press: ? - help, Q - select action, (/) - cycle Shift-Dir - straight line, f - you Really target yourself?
Okay, then.
Unknown command.
You start resting.
An endoplasm is nearby!
Throw: 4 boomerangs (disperse)
Press: ? - help, Q - select action, (/) - cycle Shift-Dir - straight line, f - endoplasm
Aim: an endoplasm (heavily wounded, 85% to hit)
You throw a boomerang of dispersal.
The boomerang of dispersal barely misses the endoplasm.
Unknown command.
Throw: 3 boomerangs (disperse)
Press: ? - help, Q - select action, (/) - cycle Shift-Dir - straight line, f/p - endoplasm
Aim: an endoplasm (heavily wounded, 85% to hit)
You throw a boomerang of dispersal.
The boomerang of dispersal barely misses the endoplasm.
Unknown command.
You hit the endoplasm but do no damage.
The endoplasm is heavily wounded.
The endoplasm hits you.
* * * LOW HITPOINT WARNING * * *
You hit the endoplasm.
The endoplasm is almost dead.
The endoplasm freezes you.
You are frozen.
You die...

#..#.###.. ########
#
#.........##......#
. #..... #.....#
#.#....#####.#.#.#
###.#........#.#.#
.............#.#.#
#...............#
#.##...#.###J###
#.#.......##@#.# #
####...#.###)#.# #.
#####.#.#.......#
.#####.....#.###.###
.###..##...#.###.#
~~..#####..#.....#
~~##∩#.....#######
#.####.##...#
#.####.###..##


You could see an endoplasm.

Vanquished Creatures
  A ball python (D:1)
  A kobold (D:1)
2 creatures vanquished.

Notes
Turn   | Place    | Note
-------+----------+-------------------------------------------
     0 | D:1      | SnakkuSnakku7 the Barachi Warper began the quest for the
                  | Orb.
     0 | D:1      | Reached XP level 1. HP: 17/17 MP: 3/3
   109 | D:1      | Frozen to death by an endoplasm

Illustrated notes

Levels and vault maps discovered:
D:1:      spicycebolla_green_bress_n_ham_2, layout_basic

Action                   || total
-------------------------++-------
Melee: Hand axe          ||    13
Throw: Boomerang         ||     5
 Abil: Hop               ||     1
Armor: Leather armour    ||     1
Dodge: Dodged            ||     6
